| TOP OF THE 1ST |
|
Canton Indians batting - Pitching for Columbus Reds : LHP Davy Thorne
|
|
Pitching: LHP Davy Thorne
|
|
|
Batting: RHB Kenzo Shinoda
|
0-0: Ball 1-0: Foul Ball, location: 2F 1-1: Ball 2-1: DOUBLE (Groundball, 5L, EV 98.1 MPH)
|
|
Batting: LHB Costodio Varino
|
0-0: Ball 1-0: Ground out 4-3 (Groundball, 4M, EV 89.4 MPH) Kenzo Shinoda to third
|
|
Batting: RHB Carlos Abrego
|
0-0: Called Strike 0-1: Ball 1-1: Ball 2-1: Ball 3-1: Foul Ball, location: 2F 3-2: Foul Ball, location: 2F 3-2: Foul Ball, location: 2F 3-2: Foul Ball, location: 2F 3-2: Base on Balls
|
|
Batting: LHB Dave Key
|
0-0: Ball 1-0: Swinging Strike 1-1: Fly out, F7 (Flyball, 78S, EV 86.9 MPH)
|
|
Batting: LHB Shane Montalvo
|
0-0: Foul Ball, location: 2F 0-1: Ground out 4-3 (Groundball, 4, EV 107.5 MPH)
|
| Top of the 1st over - 0 runs, 1 hit, 0 errors, 2 left on base; Canton 0 - Columbus 0 |
| BOTTOM OF THE 1ST |
|
Columbus Reds batting - Pitching for Canton Indians : RHP Howard Allen
|
|
Pitching: RHP Howard Allen
|
|
|
Batting: RHB Sang-ton Pak
|
0-0: Called Strike 0-1: Called Strike 0-2: TRIPLE (Flyball, 78XD, EV 107.5 MPH)
|
|
Batting: LHB Keith Egan
|
0-0: Ball 1-0: Called Strike 1-1: Ball 2-1: Foul Ball, location: 2F 2-2: Ball 3-2: SINGLE (Line Drive, 4MD, EV 99.4 MPH) Sang-ton Pak scores
|
|
Batting: RHB Pat McCoy
|
0-0: Ball 1-0: Ball 2-0: Called Strike 2-1: Ball 3-1: Base on Balls Keith Egan to second
|
|
Batting: LHB Chris Redhead
|
0-0: Ball 1-0: Called Strike 1-1: Called Strike 1-2: Ball 2-2: Reached on error, E4 (Groundball, 4M, EV 86.9 MPH) Keith Egan to third Pat McCoy to second
|
|
Batting: RHB R.J. Romberg
|
0-0: Foul Ball, location: 2F 0-1: Foul Ball, location: 2F 0-2: Foul Ball, location: 2F 0-2: Ball 1-2: Foul Ball, location: 2F 1-2: Ball 2-2: Foul Ball, location: 2F 2-2: Fly out, F9 (Flyball, 9LD, EV 102.5 MPH) Runner from 3rd tags up, SCORES, throw by RF Pat McCoy to third
|
|
Batting: LHB Tim Kirk
|
0-0: Fly out, F8 (Line Drive, 8RS, EV 103.8 MPH)
|
|
Batting: RHB Fred Barbour
|
0-0: Ball 1-0: Ball 2-0: Foul Ball, location: 2F 2-1: DOUBLE (Line Drive, 5D, EV 95.0 MPH) Pat McCoy scores Chris Redhead to third
|
|
Pitching: RHP Chris Cohen
|
|
|
Batting: LHB Elijah Benton
|
0-0: Ball 1-0: Ball 2-0: Called Strike 2-1: Called Strike 2-2: Strikes out looking
|
| Bottom of the 1st over - 3 runs, 3 hits, 1 error, 2 left on base; Canton 0 - Columbus 3 |
| TOP OF THE 2ND |
|
Canton Indians batting - Pitching for Columbus Reds : LHP Davy Thorne
|
|
Batting: RHB John Bianconi
|
0-0: Ball 1-0: Ball 2-0: Called Strike 2-1: Foul Ball, location: 2F 2-2: Fly out, F5 (Popup, 6S, EV 72.5 MPH)
|
|
Batting: RHB Ricky Butts
|
0-0: Ball 1-0: Called Strike 1-1: Fly out, F7 (Flyball, 78S, EV 94.4 MPH)
|
|
Batting: RHB Eric Kuck
|
0-0: Ball 1-0: Foul Ball, location: 2F 1-1: Called Strike 1-2: Strikes out swinging
|
| Top of the 2nd over - 0 runs, 0 hits, 0 errors, 0 left on base; Canton 0 - Columbus 3 |
| BOTTOM OF THE 2ND |
|
Columbus Reds batting - Pitching for Canton Indians : RHP Chris Cohen
|
|
Batting: RHB Alex de Leon
|
0-0: Called Strike 0-1: Ball 1-1: Ball 2-1: Fly out, F4 (Flyball, 34D, EV 80.0 MPH)
|
|
Batting: RHB Sang-ton Pak
|
0-0: Ball 1-0: Ball 2-0: Ball 3-0: Base on Balls
|
|
Batting: LHB Keith Egan
|
0-0: Foul Ball, location: 2F 0-1: Ball 1-1: Ball 2-1: Foul Ball, location: 2F 2-2: DOUBLE (Groundball, 3L, EV 94.4 MPH) Sang-ton Pak to third Runner from 3rd tries for Home, SAFE, throw by RF to trailing runner, SAFE at third!
|
|
Pitching: RHP Ian Nordquist
|
|
|
Batting: RHB Pat McCoy
|
0-0: Ball 1-0: SINGLE (Groundball, 56D, EV 101.2 MPH) Keith Egan scores
|
|
Batting: LHB Chris Redhead
|
0-0: Called Strike 0-1: Foul Ball, location: 2F 0-2: Fielders Choice at 2nd, 4-6 (Groundball, 4, EV 85.0 MPH)
|
|
Batting: RHB R.J. Romberg
|
0-0: Called Strike 0-1: Ball 1-1: Ball 2-1: Ball 3-1: Foul Ball, location: 2F 3-2: Strikes out swinging
|
| Bottom of the 2nd over - 2 runs, 2 hits, 0 errors, 1 left on base; Canton 0 - Columbus 5 |
| TOP OF THE 3RD |
|
Canton Indians batting - Pitching for Columbus Reds : LHP Davy Thorne
|
|
Batting: RHB Steve Gusman
|
0-0: Ball 1-0: SINGLE (Groundball, 56S, EV 96.9 MPH)
|
|
Batting: RHB Kenzo Shinoda
|
0-0: Called Strike 0-1: Ball 1-1: Fielders Choice at 2nd, 6-4 (Groundball, 6M, EV 109.4 MPH)
|
|
Batting: LHB Costodio Varino
|
0-0: Called Strike 0-1: Swinging Strike 0-2: Strikes out swinging
|
|
Batting: RHB Carlos Abrego
|
0-0: Called Strike 0-1: Swinging Strike 0-2: Ball Kenzo Shinoda is caught stealing 2nd base 2-4
|
| Top of the 3rd over - 0 runs, 1 hit, 0 errors, 0 left on base; Canton 0 - Columbus 5 |
| BOTTOM OF THE 3RD |
|
Columbus Reds batting - Pitching for Canton Indians : RHP Ian Nordquist
|
|
Batting: LHB Tim Kirk
|
0-0: Foul Ball, location: 2F 0-1: Called Strike 0-2: Foul Ball, location: 2F 0-2: Fly out, F7 (Flyball, 78D, EV 100.0 MPH)
|
|
Batting: RHB Fred Barbour
|
0-0: Ball 1-0: Called Strike 1-1: Foul Ball, location: 2F 1-2: Ball 2-2: Foul Ball, location: 2F 2-2: SINGLE (Groundball, 5S, EV 69.4 MPH) (infield hit)
|
|
Pitching: RHP Terry Sterling
|
|
|
Batting: LHB Elijah Benton
|
0-0: Called Strike 0-1: Ball 1-1: Foul Ball, location: 2F 1-2: Ball 2-2: 2-RUN HOME RUN (Flyball, 89XD, EV 109.4 MPH), Distance : 437 ft
|
|
Batting: RHB Alex de Leon
|
0-0: SINGLE (Groundball, 5S, EV 63.8 MPH) (infield hit)
|
|
Batting: RHB Sang-ton Pak
|
0-0: Ball 1-0: Swinging Strike 1-1: Fly out, F8 (Flyball, 8LD, EV 94.4 MPH)
|
|
Batting: LHB Keith Egan
|
0-0: Ball Alex de Leon steals 2nd base 1-0: Foul Ball, location: 2F 1-1: SINGLE (Groundball, 34D, EV 107.5 MPH) Alex de Leon to third Runner from 3rd tries for Home, SAFE, throw by RF to home
|
|
Batting: RHB Pat McCoy
|
0-0: Ball 1-0: Ball 2-0: Ball 3-0: Called Strike 3-1: Base on Balls Keith Egan to second
|
|
Batting: LHB Chris Redhead
|
0-0: Ball 1-0: SINGLE (Groundball, 5S, EV 67.5 MPH) (infield hit) Keith Egan to third Pat McCoy to second
|
|
Pitching: RHP Nate Souza
|
|
|
Batting: RHB R.J. Romberg
|
0-0: Ball 1-0: Ball 2-0: Ball 3-0: Base on Balls Keith Egan scores Pat McCoy to third Chris Redhead to second
|
|
Batting: LHB Tim Kirk
|
0-0: TRIPLE (Flyball, 78XD, EV 96.9 MPH) Pat McCoy scores Chris Redhead scores R.J. Romberg scores
|
|
Batting: RHB Fred Barbour
|
0-0: Called Strike 0-1: SINGLE (Line Drive, 4D, EV 102.5 MPH) Tim Kirk scores
|
|
Batting: LHB Elijah Benton
|
0-0: Ball 1-0: Ball 2-0: Ball 3-0: Base on Balls Fred Barbour to second
|
|
Batting: RHB Alex de Leon
|
0-0: Ball 1-0: Called Strike 1-1: Ball 2-1: Fly out, F8 (Flyball, 89M, EV 87.5 MPH)
|
| Bottom of the 3rd over - 8 runs, 7 hits, 0 errors, 2 left on base; Canton 0 - Columbus 13 |
| TOP OF THE 4TH |
|
Canton Indians batting - Pitching for Columbus Reds : LHP Davy Thorne
|
|
Batting: RHB Carlos Abrego
|
0-0: Ball 1-0: Called Strike 1-1: Ground out 5-3 (Groundball, 56S, EV 83.8 MPH)
|
|
Batting: LHB Dave Key
|
0-0: Ball 1-0: Called Strike 1-1: Called Strike 1-2: Ball 2-2: Ball 3-2: Foul Ball, location: 2F 3-2: Strikes out looking
|
|
Batting: LHB Shane Montalvo
|
0-0: Ball 1-0: Swinging Strike 1-1: Ball 2-1: Ball 3-1: Swinging Strike 3-2: Strikes out swinging
|
| Top of the 4th over - 0 runs, 0 hits, 0 errors, 0 left on base; Canton 0 - Columbus 13 |
| BOTTOM OF THE 4TH |
|
Columbus Reds batting - Pitching for Canton Indians : RHP Nate Souza
|
|
Batting: RHB Sang-ton Pak
|
0-0: Ball 1-0: Called Strike 1-1: Ball 2-1: Ball 3-1: Base on Balls
|
|
Pitching: RHP Luke Burnham
|
|
|
Batting: LHB Keith Egan
|
0-0: Fly out, F8 (Flyball, 8RM, EV 80.6 MPH)
|
|
Batting: RHB Pat McCoy
|
0-0: Ball 1-0: Fly out, F9 (Flyball, 9S, EV 87.5 MPH)
|
|
Batting: LHB Chris Redhead
|
0-0: Ball 1-0: Swinging Strike 1-1: Ball 2-1: Foul Ball, location: 2F 2-2: Hit by Pitch Sang-ton Pak to second
|
|
Batting: RHB R.J. Romberg
|
0-0: Called Strike 0-1: Called Strike 0-2: Fly out, F9 (Flyball, 89S, EV 89.4 MPH)
|
| Bottom of the 4th over - 0 runs, 0 hits, 0 errors, 2 left on base; Canton 0 - Columbus 13 |
| TOP OF THE 5TH |
|
Canton Indians batting - Pitching for Columbus Reds : LHP Davy Thorne
|
|
Batting: RHB John Bianconi
|
0-0: Ball 1-0: Called Strike 1-1: Ball 2-1: Swinging Strike 2-2: Foul Ball, location: 2F 2-2: Ball 3-2: Foul Ball, location: 2F 3-2: Fly out, F8 (Flyball, 8RM, EV 97.5 MPH)
|
|
Batting: RHB Ricky Butts
|
0-0: Ball 1-0: Ball 2-0: Foul Ball, location: 2F 2-1: Ball 3-1: Foul Ball, location: 2F 3-2: Strikes out swinging
|
|
Batting: RHB Eric Kuck
|
0-0: Foul Ball, location: 2F 0-1: Swinging Strike 0-2: Foul Ball, location: 2F 0-2: Ball 1-2: Ball 2-2: Foul Ball, location: 2F 2-2: Ball 3-2: Ground out 6-3 (Groundball, 56, EV 102.5 MPH)
|
| Top of the 5th over - 0 runs, 0 hits, 0 errors, 0 left on base; Canton 0 - Columbus 13 |
| BOTTOM OF THE 5TH |
|
Columbus Reds batting - Pitching for Canton Indians : RHP Luke Burnham
|
|
Batting: LHB Tim Kirk
|
0-0: Ball 1-0: Called Strike 1-1: Swinging Strike 1-2: Foul Ball, location: 2F 1-2: Fly out, F8 (Flyball, 78M, EV 93.1 MPH)
|
|
Batting: RHB Fred Barbour
|
0-0: Ball 1-0: Foul Ball, location: 2F 1-1: DOUBLE (Groundball, 5L, EV 110.6 MPH)
|
|
Batting: LHB Elijah Benton
|
0-0: Called Strike 0-1: Ball 1-1: Ball 2-1: Ball 3-1: Ground out 4-3 (Groundball, 4, EV 92.5 MPH) Fred Barbour to third
|
|
Batting: RHB Alex de Leon
|
0-0: Ball 1-0: Foul Ball, location: 2F 1-1: Foul Ball, location: 2F 1-2: Ball 2-2: Ground out 4-3 (Groundball, 4M, EV 103.8 MPH)
|
| Bottom of the 5th over - 0 runs, 1 hit, 0 errors, 1 left on base; Canton 0 - Columbus 13 |
| TOP OF THE 6TH |
|
Canton Indians batting - Pitching for Columbus Reds : LHP Davy Thorne
|
|
Batting: RHB Steve Gusman
|
0-0: Swinging Strike 0-1: Fly out, F7 (Line Drive, 7, EV 87.5 MPH)
|
|
Batting: RHB Kenzo Shinoda
|
0-0: Ball 1-0: Foul Ball, location: 2F 1-1: TRIPLE (Flyball, 78XD, EV 89.4 MPH)
|
|
Batting: LHB Costodio Varino
|
0-0: Ball 1-0: Ball 2-0: Called Strike 2-1: Ball 3-1: Called Strike 3-2: SINGLE (Groundball, 34D, EV 97.5 MPH) Kenzo Shinoda scores
|
|
Batting: RHB Carlos Abrego
|
0-0: Called Strike 0-1: Ball 1-1: Called Strike 1-2: Strikes out swinging
|
|
Batting: LHB Dave Key
|
0-0: Ball 1-0: Called Strike 1-1: Ground out 5-3 (Groundball, 56S, EV 80.6 MPH)
|
| Top of the 6th over - 1 run, 2 hits, 0 errors, 1 left on base; Canton 1 - Columbus 13 |
| BOTTOM OF THE 6TH |
|
Columbus Reds batting - Pitching for Canton Indians : RHP Luke Burnham
|
|
Batting: RHB Sang-ton Pak
|
0-0: Ball 1-0: Swinging Strike 1-1: Ball 2-1: Fly out, F7 (Flyball, 78D, EV 93.1 MPH)
|
|
Batting: LHB Keith Egan
|
0-0: Called Strike 0-1: Swinging Strike 0-2: Foul Ball, location: 2F 0-2: Ball 1-2: Foul Ball, location: 2F 1-2: Ball 2-2: Ball 3-2: Base on Balls
|
|
Pitching: LHP Justin Eargle
|
|
|
Batting: RHB Pat McCoy
|
0-0: Swinging Strike 0-1: Ball 1-1: Ball 2-1: Ball 3-1: Base on Balls Keith Egan to second
|
|
Batting: LHB Chris Redhead
|
0-0: Foul Ball, location: 2F 0-1: Ball 1-1: Ball 2-1: Called Strike 2-2: Strikes out swinging
|
|
Batting: RHB R.J. Romberg
|
0-0: Called Strike 0-1: Foul Ball, location: 2F 0-2: Ball 1-2: Foul Ball, location: 2F 1-2: Foul Ball, location: 2F 1-2: Ball 2-2: Ball 3-2: Base on Balls Keith Egan to third Pat McCoy to second
|
|
Batting: LHB Tim Kirk
|
0-0: Ball 1-0: Called Strike 1-1: Ball 2-1: SINGLE (Line Drive, 89S, EV 108.1 MPH) Keith Egan scores Pat McCoy to third R.J. Romberg to second
|
|
Batting: RHB Fred Barbour
|
0-0: Ball 1-0: Ball 2-0: Called Strike 2-1: Ball Passed Ball! Pat McCoy scores R.J. Romberg to third Tim Kirk to second 3-1: Called Strike 3-2: Foul Ball, location: 2F 3-2: Base on Balls
|
|
Batting: LHB Elijah Benton
|
0-0: Ball 1-0: Called Strike 1-1: Ball 2-1: Foul Ball, location: 2F 2-2: Foul Ball, location: 2F 2-2: Ball 3-2: Foul Ball, location: 2F 3-2: Base on Balls R.J. Romberg scores Tim Kirk to third Fred Barbour to second
|
|
Pitching: RHP Jason Roberts
|
|
|
Batting: RHB Alex de Leon
|
0-0: Called Strike 0-1: Ball 1-1: Fielders Choice at 2nd, U4 (Groundball, 4M, EV 83.8 MPH)
|
| Bottom of the 6th over - 3 runs, 1 hit, 0 errors, 3 left on base; Canton 1 - Columbus 16 |
| TOP OF THE 7TH |
|
Canton Indians batting - Pitching for Columbus Reds : LHP Davy Thorne
|
|
Batting: LHB Shane Montalvo
|
0-0: Ball 1-0: Fly out, F5 (Popup, 5F, EV 75.0 MPH)
|
|
Batting: RHB John Bianconi
|
0-0: Called Strike 0-1: Reached on error, E5 (Groundball, 56, EV 83.8 MPH)
|
|
Batting: RHB Ricky Butts
|
0-0: Called Strike 0-1: Ball 1-1: Called Strike 1-2: Ball 2-2: Ball 3-2: SINGLE (Groundball, 56D, EV 103.8 MPH) John Bianconi to second John Bianconi to third
|
|
Pitching: RHP Kyle Vance
|
|
|
Batting: RHB Eric Kuck
|
0-0: DOUBLE (Line Drive, 7LD, EV 113.1 MPH) John Bianconi scores Ricky Butts to third
|
|
Batting: RHB Steve Gusman
|
0-0: Ball 1-0: Ball 2-0: Called Strike 2-1: Ball 3-1: Called Strike 3-2: Foul Ball, location: 2F 3-2: Ground out 5-3 (Groundball, 56S, EV 64.4 MPH) Ricky Butts scores Eric Kuck to third
|
|
Batting: RHB Kenzo Shinoda
|
0-0: Ball 1-0: Called Strike 1-1: Foul Ball, location: 2F 1-2: Strikes out looking
|
| Top of the 7th over - 2 runs, 2 hits, 1 error, 1 left on base; Canton 3 - Columbus 16 |
| BOTTOM OF THE 7TH |
|
Columbus Reds batting - Pitching for Canton Indians : RHP Jason Roberts
|
|
Batting: RHB Sang-ton Pak
|
0-0: Ball 1-0: Ball 2-0: Ball 3-0: Called Strike 3-1: Foul Ball, location: 2F 3-2: Base on Balls
|
|
Batting: LHB Keith Egan
|
0-0: Ball 1-0: Called Strike 1-1: Ball 2-1: Foul Ball, location: 2F 2-2: Foul Ball, location: 2F 2-2: Ball 3-2: Grounds out, U3 (Groundball, 3L, EV 100.6 MPH)
|
|
Batting: RHB Pat McCoy
|
0-0: Ball 1-0: Ball 2-0: Ball 3-0: Called Strike 3-1: Called Strike 3-2: Base on Balls
|
|
Batting: LHB Chris Redhead
|
0-0: Ball 1-0: Swinging Strike 1-1: Ball 2-1: Ball 3-1: Base on Balls Sang-ton Pak to third Pat McCoy to second
|
|
Batting: RHB R.J. Romberg
|
0-0: Fly out, F8 (Flyball, 78D, EV 103.8 MPH) Runner from 3rd tags up, SCORES, no throw by CF
|
|
Batting: LHB Tim Kirk
|
0-0: Fielders Choice at 2nd, 5-4 (Groundball, 56, EV 81.9 MPH)
|
| Bottom of the 7th over - 1 run, 0 hits, 0 errors, 2 left on base; Canton 3 - Columbus 17 |
| TOP OF THE 8TH |
|
Canton Indians batting - Pitching for Columbus Reds : RHP Kyle Vance
|
|
Batting: LHB Costodio Varino
|
0-0: Foul Ball, location: 2F 0-1: Fly out, F9 (Line Drive, 9, EV 105.6 MPH)
|
|
Batting: RHB Carlos Abrego
|
0-0: Called Strike 0-1: Ball 1-1: Ball 2-1: Foul Ball, location: 2F 2-2: Foul Ball, location: 2F 2-2: Foul Ball, location: 2F 2-2: SOLO HOME RUN (Line Drive, 7D, EV 99.4 MPH), Distance : 404 ft
|
|
Batting: LHB Dave Key
|
0-0: Foul Ball, location: 2F 0-1: Fly out, F7 (Flyball, 7, EV 91.9 MPH)
|
|
Batting: LHB Shane Montalvo
|
0-0: Called Strike 0-1: Called Strike 0-2: Ball 1-2: Foul Ball, location: 2F 1-2: SINGLE (Groundball, 4D, EV 97.5 MPH)
|
|
Batting: RHB John Bianconi
|
0-0: SINGLE (Line Drive, 89M, EV 105.0 MPH) Shane Montalvo to second
|
|
Batting: RHB Ricky Butts
|
0-0: Swinging Strike 0-1: Ball 1-1: Ball 2-1: Ball 3-1: Base on Balls Shane Montalvo to third John Bianconi to second
|
|
Batting: RHB Eric Kuck
|
0-0: Called Strike 0-1: Ball 1-1: Ball 2-1: Swinging Strike 2-2: Ball 3-2: Fly out, F7 (Line Drive, 7D, EV 99.4 MPH)
|
| Top of the 8th over - 1 run, 3 hits, 0 errors, 3 left on base; Canton 4 - Columbus 17 |
| BOTTOM OF THE 8TH |
|
Columbus Reds batting - Pitching for Canton Indians : RHP Jason Roberts
|
|
Batting: RHB Fred Barbour
|
0-0: Ball 1-0: Ball 2-0: Ball 3-0: Called Strike 3-1: Foul Ball, location: 2F 3-2: Base on Balls
|
|
Pitching: RHP Kevin Trull
|
|
|
Batting: LHB Elijah Benton
|
0-0: Called Strike 0-1: Ball 1-1: Grounds into double play, 4-6-3 (Groundball, 4, EV 88.8 MPH)
|
|
Batting: RHB Alex de Leon
|
0-0: Ball 1-0: Fly out, F7 (Flyball, 7S, EV 81.2 MPH)
|
| Bottom of the 8th over - 0 runs, 0 hits, 0 errors, 0 left on base; Canton 4 - Columbus 17 |
| TOP OF THE 9TH |
|
Canton Indians batting - Pitching for Columbus Reds : RHP Kyle Vance
|
|
Batting: RHB Steve Gusman
|
0-0: Ball 1-0: Called Strike 1-1: Ground out 1-3 (Groundball, 13S, EV 68.1 MPH)
|
|
Batting: RHB Kenzo Shinoda
|
0-0: Called Strike 0-1: Ball 1-1: Called Strike 1-2: Ball 2-2: Foul Ball, location: 2F 2-2: Foul Ball, location: 2F 2-2: Strikes out looking
|
|
Batting: LHB Costodio Varino
|
0-0: Ball 1-0: Called Strike 1-1: Foul Ball, location: 2F 1-2: Fly out, F4 (Popup, 4MD, EV 51.2 MPH)
|
| Top of the 9th over - 0 runs, 0 hits, 0 errors, 0 left on base; Canton 4 - Columbus 17 |
|